 Dungeon Crawl Stone Soup version 0.30.1-4-g462c640d31 (webtiles) character file.

Game seed: 5609821999082365574

1210218 wingedge the Cryomancer (level 27, 0/240 (246) HPs)
             Began as a Demigod Earth Elementalist on Sept 14, 2023.
             Killed from afar by a Hell Sentinel (32 damage)
             ... with damnation
             ... on level 5 of the Iron City of Dis on Sept 16, 2023.
             The game lasted 10:35:43 (130502 turns).

wingedge the Cryomancer (DgEE)                    Turns: 130502, Time: 10:35:43

HP:   0/240 (246)   AC: 20    Str: 30    XL:     27
MP:   30/53         EV: 20    Int: 46    God:
Gold: 7143          SH: 35    Dex: 25    Spells: 1/65 levels left

rFire   + + .        b - +9 broad axe (freeze)
rCold   + + .        E - +18 shield of the Gong {Loud rN+ Will+ rCorr EV-5}
rNeg    + + .        O - +5 fire dragon scales of the Hanged Man {rF++ rC- rN+ Str+3 Dex+5}
rPois   +            Z - +0 mask of the Dragon {Will+ Slay+3 SInv}
rElec   +            H - +2 cloak {rPois}
rCorr   +            P - +0 pair of fencer's gloves {Riposte Dex+3}
SInv    +            h - +2 pair of boots {Fly}
Will    ++++.        q - amulet of Oenomania {Regen+ Int+6}
Stlth   ++++         J - ring of the Mage {Wiz Archmagi}
HPRegen 1.40/turn    S - ring of Kunin {rElec rF- rC+++ Str+6 SInv}
MPRegen 0.33/turn

%: wizardry (x1), archmagi
@: flying, studying 5 skills, lightly drained, invisible, corroded
A: high MP 1, forlorn, divine attributes, fire resistance 1, strong 1
}: 13/15 runes: decaying, slimy, silver, obsidian, icy, bone, abyssal, demonic,
glowing, magical, fiery, dark, gossamer
a: no special abilities


You were on level 5 of the Iron City of Dis.
You visited 16 branches of the dungeon, and saw 79 of its levels.
You visited Pandemonium 1 time, and saw 19 of its levels.
You visited the Abyss 2 times.
You visited 1 ziggurat, and saw 15 of its levels.
You also visited: Gauntlet, Ice Cave, Volcano and Wizlab.

You collected 14213 gold pieces.
You spent 7070 gold pieces at shops.

Inventory:

Hand Weapons
 a - the +9 dagger "Roadedoq" {pain, *Rage rElec rC+ Int+6}
   (You bought it in a shop on level 2 of the Orcish Mines)

   Int:       It affects your intelligence (+6).
   rC:        It protects you from cold.
   rElec:     It insulates you from electricity.
   *Rage:     It berserks you when you make melee attacks (+20% chance).
 b - a +9 broad axe of freezing (weapon)
 c - a +8 broad axe of flaming
Missiles
 F - 6 throwing nets
 N - 15 curare-tipped darts
Armour
 h - a +2 pair of boots of flying (worn)
 E - the +18 shield of the Gong (worn) {Loud rN+ Will+ rCorr EV-5}
   (You found it on level 3 of the Elven Halls)

   Loud:      It is deafeningly noisy when blocking attacks.
   EV:        It affects your evasion (-5).
   rN:        It protects you from negative energy.
   rCorr:     It protects you from acid and corrosion.
   Will:      It increases your willpower.
 H - a +2 cloak of poison resistance (worn)
 O - the +5 fire dragon scales of the Hanged Man (worn) {rF++ rC- rN+ Str+3 Dex+5}
   (You bought it in a shop on level 7 of the Dungeon)

   Str:       It affects your strength (+3).
   Dex:       It affects your dexterity (+5).
   rF:        It greatly protects you from fire.
   rC:        It makes you vulnerable to cold.
   rN:        It protects you from negative energy.
 P - the +0 pair of fencer's gloves (worn) {Riposte Dex+3}
   (You found it in a volcano)

   Riposte:   It allows the wearer to riposte with melee weapons, swiftly
   retaliating against missed or blocked melee attacks.
   Dex:       It affects your dexterity (+3).
 Z - the +0 mask of the Dragon (worn) {Will+ Slay+3 SInv}
   (You found it in a Gauntlet)

   Slay:      It affects your accuracy & damage with ranged weapons and melee
   (+3).
   SInv:      It lets you see invisible.
   Will:      It increases your willpower.
Magical Staves
 f - the staff of air "Caus Zam" {rElec rF++ MP+9 Dex-5 SInv}
   (You found it in Pandemonium)

   [staff of air]

   Base accuracy: +5 Base damage: 5 Base attack delay: 1.2 This weapon's minimum
   attack delay (0.6) is reached at skill level 12.
   Dex:       It affects your dexterity (-5).
   rF:        It greatly protects you from fire.
   rElec:     It insulates you from electricity.
   MP:        It affects your magic capacity (+9).
   SInv:      It lets you see invisible.
   It falls into the 'Staves' category.
   It is a one-handed weapon.
 y - a staff of fire
Jewellery
 j - the ring of Zothehal {rN+ Will+ Str-2 Int+3}
   (You found it on level 7 of a ziggurat)

   [ring of willpower]

   Str:       It affects your strength (-2).
   Int:       It affects your intelligence (+3).
   rN:        It protects you from negative energy.
   Will:      It increases your willpower.
 q - the amulet of Oenomania (around neck) {Regen+ Int+6}
   (You found it on level 13 of a ziggurat)

   [amulet of regeneration]

   Int:       It affects your intelligence (+6).
   Regen:     It increases your rate of health regeneration.
 J - the ring of the Mage (left hand) {Wiz Archmagi}
   (You bought it in a shop on level 2 of the Elven Halls)

   [ring of wizardry]

   It improves your spell success rate.
   Archmagi:  It increases the power of your magical spells.
 S - the ring of Kunin (right hand) {rElec rF- rC+++ Str+6 SInv}
   (You bought it in a shop on level 3 of the Elven Halls)

   [ring of strength]

   Str:       It affects your strength (+6).
   rF:        It makes you vulnerable to fire.
   rC:        It renders you almost immune to cold.
   rElec:     It insulates you from electricity.
   SInv:      It lets you see invisible.
Wands
 A - a wand of digging (9)
Scrolls
 e - 11 scrolls of blinking
 g - 2 scrolls of silence
 i - 9 scrolls of fear
 k - 7 scrolls of magic mapping
 n - a scroll of summoning (quivered)
 o - 8 scrolls of fog
 p - 3 scrolls of amnesia
 s - 28 scrolls of teleportation
 u - 14 scrolls of immolation
 C - 12 scrolls of poison
 K - 6 scrolls of enchant armour
 U - a scroll of torment
Potions
 d - 27 potions of curing
 l - 4 potions of magic
 m - 9 potions of mutation
 r - 3 potions of berserk rage
 t - 8 potions of ambrosia
 v - 3 potions of resistance
 x - 16 potions of might
 z - 13 potions of flight
 B - 4 potions of invisibility
 G - 8 potions of cancellation
 I - 6 potions of haste
 L - a potion of heal wounds
 M - 13 potions of brilliance


   Skills:
 - Level 20.0 Fighting
 - Level 18.0 Axes
 - Level 17.0 Armour
 + Level 17.3 Dodging
 - Level 11.0 Stealth
 + Level 18.4 Shields
 + Level 19.5 Spellcasting
 + Level 14.3 Conjurations
 - Level 17.0 Necromancy
 - Level 7.0 Translocations
 - Level 17.0 Transmutations
 - Level 20.0 Fire Magic
 - Level 23.0 Ice Magic
 + Level 14.2 Earth Magic


You had one spell level left.
You knew the following spells:

 Your Spells              Type           Power      Damage    Failure   Level
a - Borgnjor's Vile Clut  Necr/Erth      68%        N/A       1%          5
b - Borgnjor's Revivific  Necr           70%        N/A       2%          8
c - Blink                 Tloc           100%       N/A       1%          2
d - Ozocubu's Refrigerat  Ice            78%        4d24      1%          7
e - Ignition              Fire           74%        3d19      1%          8
f - Passage of Golubria   Tloc           100%       N/A       1%          4
g - Vhi's Electric Charg  Tloc/Air       100%       N/A       1%          3
h - Lehudib's Crystal Sp  Conj/Erth      66%        10d15     8%          8
i - Sublimation of Blood  Necr           100%       N/A       0%          2
j - Necromutation         Tmut/Necr      70%        N/A       2%          8
k - Polar Vortex          Ice            78%        N/A       3%          9

Your spell library contained the following spells:

 Spells                   Type           Power      Damage    Failure   Level
 Beastly Appendage        Tmut           100%       N/A       0%          1
 Foxfire                  Conj/Fire      100%       2x1d9     0%          1
 Freeze                   Ice            100%       1d10      0%          1
 Kiss of Death            Conj/Necr      100%       2d13      0%          1
 Magic Dart               Conj           100%       1d8       0%          1
 Necrotise                Necr           100%       1d9       0%          1
 Sandblast                Erth           100%       2d20      0%          1
 Apportation              Tloc           100%       N/A       1%          1
 Shock                    Conj/Air       100%       1d9       1%          1
 Sting                    Tmut/Pois      100%       1d8       1%          1
 Summon Small Mammal      Summ           100%       N/A       1%          1
 Ensorcelled Hibernation  Hex/Ice        100%       N/A       0%          2
 Momentum Strike          Conj/Tloc      100%       3d10      0%          2
 Passwall                 Tmut/Erth      100%       N/A       0%          2
 Scorch                   Fire           100%       2d9       0%          2
 Searing Ray              Conj           100%       2d8       0%          2
 Wereblood                Tmut           100%       N/A       0%          2
 Frozen Ramparts          Ice            100%       1d16      0%          3
 Hailstorm                Conj/Ice       100%       3d20      0%          3
 Ignite Poison            Fire/Tmut/Pois 100%       N/A       0%          3
 Stone Arrow              Conj/Erth      100%       3d13      0%          3
 Vampiric Draining        Necr           100%       2d13      0%          3
 Volatile Blastmotes      Fire/Tloc      100%       2d18      0%          3
 Animate Dead             Necr           100%       N/A       0%          4
 Flame Wave               Conj/Fire      100%       2d21      0%          4
 Ice Form                 Ice/Tmut       100%       N/A       0%          4
 Petrify                  Tmut/Erth      100%       N/A       0%          4
 Sticky Flame             Conj/Fire      100%       2d11      0%          4
 Call Imp                 Summ           100%       N/A       1%          2
 Cigotuvi's Dreadful Rot  Necr/Pois/Air  100%       N/A       1%          2
 Lesser Beckoning         Tloc           100%       N/A       1%          2
 Poisonous Vapours        Pois/Air       100%       N/A       1%          2
 Call Canine Familiar     Summ           61%        N/A       1%          3
 Confusing Touch          Hex            61%        N/A       1%          3
 Dazzling Flash           Conj/Hex       100%       N/A       1%          3
 Gell's Gravitas          Tloc           100%       N/A       1%          3
 Inner Flame              Hex/Fire       100%       N/A       1%          3
 Mephitic Cloud           Conj/Pois/Air  93%        N/A       1%          3
 Portal Projectile        Hex/Tloc       100%       N/A       1%          3
 Spider Form              Tmut/Pois      100%       N/A       1%          3
 Summon Guardian Golem    Hex/Summ       61%        N/A       1%          3
 Swiftness                Air            61%        N/A       1%          3
 Teleport Other           Tloc           100%       N/A       1%          3
 Tukima's Dance           Hex            61%        N/A       1%          3
 Anguish                  Hex/Necr       55%        N/A       1%          4
 Animate Armour           Summ/Erth      100%       N/A       1%          4
 Fulminant Prism          Conj/Hex       52%        3d22      1%          4
 Iskenderun's Mystic Bla  Conj/Tloc      100%       2d19      1%          4
 Leda's Liquefaction      Hex/Erth       52%        N/A       1%          4
 Manifold Assault         Tloc           100%       N/A       1%          4
 Summon Ice Beast         Ice/Summ       100%       N/A       1%          4
 Agony                    Necr           100%       N/A       1%          5
 Alistair's Intoxication  Tmut/Pois      74%        N/A       1%          5
 Arcjolt                  Conj/Air       52%        1d62      1%          5
 Blade Hands              Tmut           70%        N/A       1%          5
 Freezing Cloud           Conj/Ice/Air   63%        6-21      1%          5
 Irradiate                Conj/Tmut      68%        3d34      1%          5
 Iskenderun's Battlesphe  Conj           100%       2d15      1%          5
 Lee's Rapid Deconstruct  Erth           66%        3d30*     1%          5
 Metabolic Englaciation   Hex/Ice        61%        N/A       1%          5
 Yara's Violent Unravell  Hex/Tmut       55%        3d21      1%          5
 Death Channel            Necr           70%        N/A       1%          6
 Eringya's Noxious Bog    Tmut/Pois      55%        N/A       1%          6
 Iron Shot                Conj/Erth      66%        9d12      1%          6
 Plasma Beam              Fire/Air       58%        2x1d81    1%          6
 Simulacrum               Ice/Necr       74%        N/A       1%          6
 Starburst                Conj/Fire      70%        6d18      1%          6
 Statue Form              Tmut/Erth      90%        N/A       1%          6
 Dragon Form              Tmut           70%        N/A       1%          7
 Orb of Destruction       Conj           66%        9d16      1%          7
 Summon Forest            Summ/Tloc      43%        N/A       2%          5
 Infestation              Necr           70%        N/A       2%          8
 Conjure Ball Lightning   Conj/Air       52%        3x3d18    3%          6
 Dispersal                Tloc           52%        N/A       3%          6
 Airstrike                Air            30%        2d(5-21)  4%          4
 Cause Fear               Hex            30%        N/A       4%          4
 Olgreb's Toxic Radiance  Pois           61%        N/A       4%          4
 Summon Lightning Spire   Summ/Air       61%        N/A       4%          4
 Haunt                    Necr/Summ      55%        N/A       11%         7
 Storm Form               Tmut/Air       55%        N/A       11%         7
 Silence                  Hex/Air        30%        N/A       12%         5
 Summon Mana Viper        Hex/Summ       61%        N/A       12%         5
 Spellforged Servitor     Conj/Summ      52%        N/A       17%         7
 Fire Storm               Conj/Fire      70%        8d18      32%         9
 Death's Door             Necr           70%        N/A       34%         9
 Summon Cactus Giant      Summ           30%        N/A       50%         6
 Malign Gateway           Summ/Tloc      43%        N/A       58%         7
 Shatter                  Erth           66%        3d49*     71%         9
 Disjunction              Tloc           52%        N/A       80%         8
 Enfeeble                 Hex            30%        N/A       96%         7
 Monstrous Menagerie      Summ           30%        N/A       96%         7
 Summon Hydra             Summ           30%        N/A       96%         7
 Discord                  Hex            30%        N/A       100%        8
 Maxwell's Capacitive Co  Air            30%        ∞         100%        8
 Summon Horrible Things   Summ           30%        N/A       100%        8
 Chain Lightning          Conj/Air       52%        3d70      100%        9
 Dragon's Call            Summ           30%        N/A       100%        9


Dungeon Overview and Level Annotations

Branches:
Dungeon (15/15)            Temple (0/1) D:5            Lair (5/5) D:8
  Swamp (4/4) Lair:3       Spider (4/4) Lair:3        Slime (5/5) Lair:5
    Orc (2/2) D:12            Elf (3/3) Orc:2        Vaults (5/5) D:14
  Crypt (3/3) Vaults:3       Tomb (0/3) Crypt:3      Depths (4/4) D:15
   Hell (visited)             Dis (5/7) Hell            Geh (7/7) Hell
    Coc (7/7) Hell            Tar (7/7) Hell            Zot (4/5) Depths:4
  IceCv (visited)         Volcano (visited)          WizLab (visited)
Gauntlet (visited)

Shops:
D:3 [   D:7 [   Orc:2 (?:?(   Elf:2 =   Elf:3 ==:   Vaults:1 :   Vaults:2 [
Depths:1 [

Portals:
Hell: Depths:1 Depths:2 Depths:3 Depths:4
Abyss: D:4 Lair:5 Depths:2 Depths:3
Pandemonium: Orc:2 Depths:1

Annotations:
D:14 Waypoint 1 = Stash 2
Lair:2 Waypoint 0 = Stash 1
Orc:2 Waypoint 2 = Stash 3
Depths:1 Waypoint 3 = Stash 4
Depths:4 Waypoint 4 = Stash 5


Innate Abilities, Weirdness & Mutations

You have an increased reservoir of magic. (+10% MP)
You shall have no god before yourself.
Your divine heritage dramatically boosts your attributes as you level up.
Your flesh is heat resistant. (rF+)
Your muscles are strong. (Str +4, Int/Dex -1)


Message History

* * * LOW HITPOINT WARNING * * *
You block the iron golem's attack.
BONNNG!
The iron golem barely misses you.
You feel much better.
You are engulfed in whirling frost.
You block the iron giant's attack.
GONNNNG!
The crystal echidna closely misses you. You block the Hell Sentinel's attack.
GONNNNG!
You block the Hell Sentinel's attack.
GONNNNG!
You riposte.
You hit the Hell Sentinel but do no damage.
The Hell Sentinel is severely wounded.
You hit the iron giant.
You hit the iron golem but do no damage.
You catch the helpless crystal echidna completely off-guard!
You slice the crystal echidna!!
You catch the helpless crystal echidna completely off-guard!
You hit the crystal echidna.
The crystal echidna is almost destroyed.
You slash the iron giant! You freeze the iron giant.
You hit the Hell Sentinel but do no damage.
You hit the iron golem but do no damage.
The winds around you calm down. You block the crystal echidna's attack.
SHROANNG!
The Hell Sentinel gestures at you. The iron shot hits you!!!
* * * LOW HITPOINT WARNING * * *
The iron giant points at you and mumbles some strange words.
You block the iron shot.
PTOANNNG!
Okay, then.
Blink to where?
Press: ? - help, Dir - move target
As you read the scroll of blinking, it crumbles to dust.
The Hell Sentinel gestures at you.
The sphere of damnation explodes!
The damnation engulfs you!!
You die...

#### #.. #..
######.##+#+#####
#......#........#
#@#.9....).#
...........1.r9C.#
.#...........1...#
.......8......C..#
....8...1.81.....#
#.....1~>.2C.9'###
#....>≈~~).....1.
#..8.~≈8~~98.....
.21.≈~≈∩.......


You could see 2 iron golems, 2 iron giants, 5 Hell Sentinels, a crystal echidna
(unable to see you), a war gargoyle and a tormentor (unable to see you).

Vanquished Creatures
  Asmodeus (Geh:7)
  Antaeus (Coc:7)
  the Royal Jelly (Slime:5)
  Ereshkigal (Tar:7)
  Mnoleg (Pan)
  Lom Lobon (Pan)
  Gloorx Vloq (Pan)
  The ghost of Jingleheimer the Grand Master, a legendary OpTm of Gozag (Zig:11)
  A seraph (Pan)
  9 ancient liches
  5 dread liches
  Mennas (Crypt:2)
  The ghost of monsoonserge the Conqueror, a legendary HOFi of Zin (Zig:11)
  Mara (Vaults:3)
  Josephina (Zot:3)
  Frederick (Vaults:3)
  2 royal mummies (Zig:9)
  Margery (Crypt:1)
  20 caustic shrikes
  19 shard shrikes
  Saint Roka (Crypt:2)
  4 curse toes
  Geryon (Hell)
  Nikola (Depths:2)
  5 profane servitors
  8 golden dragons
  20 bone dragons
  A pearl dragon (Pan)
  26 doom hounds
  10 Brimstone Fiends
  3 pandemonium lords (Pan)
  An electric golem (Zot:4)
  25 Tzitzimimeh
  12 hellephants
  3 spectral shard shrikes
  22 Ice Fiends
  5 iron giants
  8 Hell Sentinels
  14 tentacled monstrosities
  Zenata (Crypt:2)
  Mlioglotl (Swamp:4)
  Grunn (Crypt:3)
  19 tainted leviathans
  6 quicksilver dragons
  5 deep elf master archers
  A walking divine tome (Depths:3)
  The ghost of wingedge the Fighter, an adept DgWn (Swamp:3)
  6 liches
  21 searing wretches
  3 tentacled starspawn (Zig:14)
  16 titans
  2 deep elf blademasters (Zig:13)
  An eldritch tentacle (Pan)
  12 death cobs
  9 sphinxes
  12 acid blobs
  18 ancient champions
  19 Executioners
  A thorn hunter (Swamp:4)
  Kirke (Swamp:3)
  12 shadow dragons
  17 storm dragons
  6 tengu reavers
  12 rockslimes
  A fenstrider witch (Swamp:1)
  4 draconian monks
  12 revenants
  Donald (Orc:2)
  4 demonspawn warmongers (Pan)
  16 azure jellies
  9 narguns
  14 fire giants
  8 daevas (Pan)
  5 frost giants
  6 draconian scorchers
  2 nagarajas (Zig:3)
  9 deep elf sorcerers
  A caustic shrike zombie (Depths:1)
  6 draconian knights
  8 quicksilver elementals
  2 spectral juggernauts
  4 emperor scorpions (Spider:4)
  4 iron dragons
  26 vault wardens
  4 deep elf elementalists (Elf:3)
  6 spectral caustic shrikes
  6 curse skulls
  9 ghouls
  12 war gargoyles
  32 balrugs
  16 reapers
  17 angels (Pan)
  14 cacodemons
  19 ghost moths
  A spriggan defender (Depths:3)
  7 demonspawn corrupters (Pan)
  9 shard shrike simulacra
  6 draconian stormcallers
  8 draconian annihilators
  12 stone giants
  9 demonspawn blood saints (Pan)
  4 draconian shifters
  15 ironbound preservers
  15 very ugly things
  3 quicksilver oozes
  Nessos (D:13)
  A spectral titan (WizLab)
  10 green draconians
  9 dire elephants
  12 ophanim (Pan)
  13 vampire knights
  27 elemental wellsprings
  9 ironbound thunderhulks
  4 yellow draconians
  7 demonspawn black suns
  16 wendigos
  10 deep elf demonologists
  5 halazid warlocks (WizLab)
  6 white draconians
  4 bunyips
  11 deep elf annihilators
  16 lorocyprocas (Pan)
  10 spark wasps
  Azrael (D:15)
  11 red draconians
  9 apis (Pan)
  6 black draconians
  14 putrid mouths
  8 eleionomae
  7 purple draconians
  23 green deaths
  25 blizzard demons
  7 ettins
  21 eidola
  12 fire dragons
  3 crystal guardians (Dis:4)
  9 deep elf death magi
  14 iron golems
  4 deep elf high priests (Elf:3)
  3 shambling mangroves
  14 jiangshi
  6 spectral quicksilver dragons
  2 quicksilver dragon zombies (WizLab)
  A great orb of eyes (shapeshifter) (Vaults:5)
  A spectral fenstrider witch (Crypt:3)
  13 salamander tyrants
  10 rakshasas
  2 hell beasts (Pan)
  10 great orbs of eyes
  Erolcha (D:13)
  7 ice dragons
  2 spectral iron giants
  16 hydras
  15 caustic shrike simulacra
  7 entropy weavers
  A peacekeeper (Vaults:2)
  44 vault guards
  2 radroaches
  5 juggernaut simulacra
  7 ironbound frosthearts
  A quicksilver dragon skeleton (Pan)
  15 yaktaur captains
  An anaconda (Zig:1)
  A spectral human (Crypt:3)
  A fenstrider witch skeleton (Crypt:1)
  5 spriggan air magi
  4 ghost crabs
  6 stokers
  3 alligators (Swamp:4)
  3 catoblepae
  3 ogre magi
  3 death knights
  31 dancing weapons
  2 demonspawn (Orc:2)
  2 merfolk aquamancers (D:12)
  10 two-headed ogres
  11 death yaks
  3 deep troll earth magi (Depths:4)
  4 deep troll shamans
  The ghost of iamoutofideas the Severer, a novice HOGl of Gozag (D:8)
  15 centaur warriors
  A naga warrior (Zig:3)
  7 thrashing horrors
  3 spectral stone giants
  5 boulder beetles
  17 vampire magi
  20 soul eaters
  5 tengu warriors
  A titan zombie (WizLab)
  26 hell hogs
  16 deep elf knights
  A spectral storm dragon (Crypt:3)
  A spectral naga (Crypt:3)
  5 spriggan berserkers
  Sonja (D:11)
  Urug (D:11)
  2 orc high priests
  2 storm dragon zombies (Zig:9)
  84 sun demons
  A spectral dire elephant (Tar:6)
  A skyshark (Lair:2)
  A wretched star (Zig:14)
  28 shadow wraiths
  A spark wasp zombie (WizLab)
  7 crystal echidnas
  7 spectral spriggans
  15 hell knights
  5 iron trolls
  9 pharaoh ants
  A spatial maelstrom (Zig:14)
  A fire crab (Zig:7)
  34 skeletal warriors
  2 spectral bunyips
  52 deep trolls
  9 cherubim (Pan)
  2 sun moths
  13 flayed ghosts
  2 goliath frogs
  9 orb spiders
  17 sixfirhies
  10 quicksilver dragon simulacra
  3 glowing orange brains
  8 shadow demons (Pan)
  6 orange crystal statues
  A golden dragon zombie (Crypt:2)
  A spriggan druid (Swamp:4)
  10 deep elf archers
  2 spectral hydras
  A bunyip skeleton (Pan)
  3 spectral iron dragons
  2 spectral anacondas
  9 swamp dragons
  12 wizards
  6 steelbarb worms
  2 tengu zombies
  2 anaconda skeletons
  23 ironbound convokers
  A kraken simulacrum (Hell)
  6 orc knights
  22 phantasmal warriors
  A sphinx zombie (Vaults:2)
  16 bog bodies
  34 deep elf pyromancers
  4 starcursed masses (Zig:14)
  16 necromancers
  25 ugly things
  A spectral wolf spider (WizLab)
  2 fenstrider witch simulacra
  25 deep elf zephyrmancers
  A jorogumo zombie (Crypt:1)
  20 wolf spiders
  2 stone giant zombies (Depths:1)
  10 orc sorcerers (Orc:2)
  6 cyclopes
  A frost giant zombie (D:15)
  2 spectral ettins
  An iron dragon zombie (Hell)
  A cyclops (shapeshifter) (D:14)
  9 shining eyes
  A spectral centaur (Tar:2)
  3 human skeletons
  4 draconians (Abyss:3)
  A sphinx skeleton (Depths:1)
  An oklob plant (Lair:5)
  21 moths of wrath
  A manticore (shapeshifter) (Zig:4)
  A worldbinder (Abyss:2)
  2 centaur zombies
  2 fire giant zombies
  A stone giant skeleton (D:15)
  2 will-o-the-wisps
  16 vault sentinels
  A frost giant skeleton (Depths:1)
  4 elephants
  A salamander (Depths:2)
  4 black mambas
  8 titan simulacra
  2 dire elephant zombies
  A gargoyle (D:12)
  A fire giant skeleton (Vaults:2)
  3 ice statues
  6 rust devils
  5 torpor snails
  27 demonic crawlers
  3 apocalypse crabs
  9 molten gargoyles
  6 eyes of devastation
  55 smoke demons
  16 orange demons
  30 hellions
  10 cane toads
  2 centaur skeletons (Pan)
  An unseen horror (Pan)
  4 rime drakes
  An emperor scorpion simulacrum (Coc:1)
  3 kobold demonologists
  32 freezing wraiths
  29 yaktaurs
  A naga skeleton (Pan)
  A sea snake zombie (Hell)
  7 efreet
  A pale draconian skeleton (Crypt:3)
  2 yaktaur skeletons
  11 ice devils
  27 tormentors
  6 komodo dragons
  7 anaconda simulacra
  5 golden dragon simulacra
  2 iron giant simulacra
  3 tengu conjurers
  A bunyip simulacrum (Coc:1)
  2 red devils (Pan)
  7 ancient zymes
  7 guardian mummies
  6 spectral harpies
  2 sea snake skeletons
  A shadow dragon simulacrum (Zot:3)
  A harpy zombie (WizLab)
  3 trolls
  A polar bear (Lair:5)
  2 purple draconian skeletons
  7 tyrant leeches
  23 hellwings
  13 wind drakes (Pan)
  2 hydra zombies (Hell)
  19 tarantellas
  19 hornets
  4 bloated husks (Swamp:3)
  3 raiju
  A tarantella (shapeshifter) (Depths:2)
  A satyr zombie (Crypt:2)
  19 blink frogs
  An ettin zombie (Vaults:3)
  3 iron dragon simulacra
  2 stone giant simulacra (Coc:1)
  4 dream sheep (Lair:3)
  A spectral black mamba (Crypt:3)
  131 slime creatures
  2 alligator zombies (Hell)
  A draconian simulacrum (Zot:3)
  15 culicivoras
  14 spriggans
  2 spriggan skeletons
  An air elemental (Zig:13)
  34 jumping spiders
  A spriggan (shapeshifter) (Vaults:5)
  A culicivora (shapeshifter) (Vaults:5)
  49 large abominations
  3 water elementals
  The ghost of Esekla the Magician, an amateur DEWn of Vehumet (D:5)
  12 flying skulls
  2 spriggan zombies
  13 ynoxinuls
  4 wyverns
  15 dire elephant simulacra
  6 wraiths
  3 vampires
  5 shadows
  An ushabti (Zig:9)
  4 hogs (Swamp:3)
  27 humans
  An alligator snapping turtle simulacrum (Coc:2)
  9 fire elementals
  A hog (shapeshifter) (Zig:13)
  3 fire bats
  12 golden eyes
  8 basilisks
  51 yaks
  32 neqoxecs
  37 redbacks
  2 steam dragons
  26 chaos spawn
  2 death yak simulacra (IceCv)
  9 small abominations (Lair:5)
  3 wargs (Orc:1)
  18 vampire mosquitoes
  2 acid dragons
  15 harpy simulacra
  19 water moccasins
  3 hydra simulacra
  The ghost of mortz the Sneak, an amateur KoEn of Dithmenos (D:4)
  4 floating eyes (Pan)
  A merfolk skeleton (Crypt:1)
  17 swamp worms
  9 hell hounds
  7 swamp drakes (Swamp:4)
  A cane toad skeleton (Crypt:2)
  A demonspawn skeleton (Pan)
  A sky beast (shapeshifter) (Vaults:2)
  A dream sheep zombie (Crypt:3)
  A black bear (shapeshifter) (Depths:4)
  A water nymph skeleton (Crypt:1)
  3 ice beasts
  A hornet zombie (Crypt:1)
  4 ettin simulacra
  2 ogres
  38 orc warriors
  15 wolves
  4 boggarts
  A hog zombie (Crypt:3)
  5 centaurs
  2 phantoms
  9 bullfrogs
  7 kobold brigands
  2 earth elementals
  A glowing shapeshifter simulacrum (Vaults:2)
  2 gnoll sergeants
  3 necrophages
  3 scorpions
  A draconian skeleton (Crypt:2)
  3 two-headed ogre simulacra (IceCv)
  A queen bee zombie (Crypt:2)
  10 wights
  A water moccasin skeleton (Crypt:2)
  8 killer bees
  2 electric eels
  A howler monkey (D:11)
  A crimson imp (D:4)
  4 lava snakes (Volcano)
  A quasit (Abyss:3)
  25 orc priests
  2 hounds (D:4)
  A jelly (shapeshifter) (Depths:2)
  2 jellies (D:7)
  A human zombie (Crypt:1)
  A gnoll bouda (D:4)
  3 iguanas
  A sleepcap (D:5)
  Ijyb (D:3)
  30 orc wizards
  8 spriggan simulacra
  A statue (D:9)
  A troll simulacrum (IceCv)
  3 wolf simulacra (IceCv)
  13 mummies
  Robin (D:4)
  A howler monkey skeleton (Crypt:1)
  14 gnolls
  A river rat (D:5)
  12 adders
  8 naga simulacra
  A steam dragon skeleton (Crypt:2)
  4 shadow imps
  5 white imps
  3 ufetubi
  An adder zombie (Crypt:2)
  An iguana zombie (Crypt:2)
  3 worms
  A dart slug (D:3)
  88 orcs
  7 endoplasms
  5 giant cockroaches
  9 goblins
  8 hobgoblins
  10 jackals
  3 quokkas
  3 ball pythons
  6 bats
  A dart slug zombie (Crypt:3)
  5 frilled lizards
  A jackal zombie (Crypt:3)
  43 kobolds
  15 rats
  2 ball lightnings (Pan)
  A creeping inferno (Geh:6)
  32 fire vortices
  A lurking horror (Abyss:3)
  5 starspawn tentacles (Zig:14)
3892 creatures vanquished.

Vanquished Creatures (collateral kills)
  An ancient lich (Vaults:5)
  2 golden dragons
  A lich (Vaults:5)
  A tentacled monstrosity (Zot:1)
  A walking crystal tome (Depths:3)
  A walking frostbound tome (Depths:4)
  A deep elf blademaster (Elf:3)
  A death cob (Zot:1)
  4 acid blobs
  A tengu reaver (Depths:2)
  A sphinx (Depths:3)
  A storm dragon (Zot:1)
  A shadow dragon (Zot:1)
  A draconian monk (Zot:1)
  2 azure jellies
  2 fire giants
  3 rockslimes
  A ghost moth (Zot:1)
  An iron dragon (Depths:3)
  An orc warlord (Vaults:4)
  A war gargoyle (Vaults:5)
  3 quicksilver oozes (Slime:5)
  A broodmother (shapeshifter) (Vaults:5)
  4 ironbound preservers
  4 very ugly things
  A deep elf demonologist (Elf:3)
  The ghost of Raisev the Severer, a journeyman HOFi (Lair:1)
  2 spark wasps (Depths:4)
  2 minotaurs
  2 ettins
  A fire dragon (Depths:1)
  3 yaktaur captains
  2 ice dragons
  A deep elf high priest (Vaults:5)
  5 great orbs of eyes
  4 vault guards
  A boulder beetle (Vaults:4)
  A hell hog (Depths:3)
  A deep troll earth mage (Depths:4)
  A soul eater (Depths:2)
  A spriggan berserker (Depths:3)
  6 hell knights
  2 deep trolls (Vaults:4)
  2 ironbound convokers
  A sphinx zombie (Crypt:1)
  An ugly thing (Vaults:5)
  A moth of wrath (Zot:1)
  An eye of devastation (Slime:2)
  21 slime creatures
  A fire bat (Depths:2)
  2 floating eyes
108 creatures vanquished.

Vanquished Creatures (others)
  Cerebov (Pan)
  An Ice Fiend (Coc:1)
  A deep elf sorcerer (Zig:13)
  A fire giant (Geh:1)
  2 shard shrike simulacra
  2 wendigos (Coc:1)
  2 caustic shrike simulacra
  A juggernaut simulacrum (Coc:1)
  3 deep elf pyromancers
  A molten gargoyle (Geh:7)
  A titan simulacrum (Coc:1)
  A red devil (Pan)
  3 wind drakes (Pan)
  A shadow dragon simulacrum (Coc:1)
  A dire elephant simulacrum (Coc:1)
  A human (Swamp:3)
  A chaos spawn (Pan)
  An alligator snapping turtle simulacrum (Coc:1)
  2 spriggan simulacra
  2 harpy simulacra (Coc:1)
  2 orc wizards (Orc:1)
  An orc (Elf:2)
  4 ball lightnings (Pan)
  A creeping inferno (Hell)
  A fire vortex (Hell)
  10 foxfires (Swamp:4)
  2 starspawn tentacles (Abyss:3)
  4 tentacles (Hell)
54 creatures vanquished.

Grand Total: 4054 creatures vanquished

Notes
Turn   | Place    | Note
-------+----------+-------------------------------------------
     0 | D:1      | wingedge the Demigod Earth Elementalist began the quest for
                  | the Orb.
     0 | D:1      | Reached XP level 1. HP: 14/14 MP: 5/5
   494 | D:1      | Reached XP level 2. HP: 20/20 MP: 2/7
   939 | D:1      | Reached skill level 1 in Conjurations
  1357 | D:2      | Reached XP level 3. HP: 26/26 MP: 3/8
  1404 | D:2      | Learned a level 3 spell: Stone Arrow
  2028 | D:3      | Found Ibeonyth's Antique Armour Boutique.
  2069 | D:3      | Noticed Ijyb
  2205 | D:3      | Reached XP level 4. HP: 34/34 MP: 7/10
  2582 | D:3      | Reached skill level 1 in Fighting
  3058 | D:4      | Reached XP level 5. HP: 40/40 MP: 7/12
  3499 | D:4      | Noticed Robin
  3525 | D:4      | Killed Robin
  3907 | D:4      | Found a transporter.
  3908 | D:4      | Found a transporter.
  3908 | D:4      | Noticed mortz's ghost (amateur KoEn)
  3955 | D:4      | Reached XP level 6. HP: 48/48 MP: 9/13
  4001 | D:4      | Found a one-way gate to the infinite horrors of the Abyss.
  4193 | D:4      | Killed mortz's ghost
  4424 | D:5      | Entered Level 5 of the Dungeon
  4501 | D:5      | Found a runed translucent door.
  4509 | D:5      | Noticed Esekla's ghost (amateur DEWn)
  4624 | D:5      | Reached XP level 7. HP: 55/55 MP: 9/16
  4794 | D:5      | Noticed a +0 dagger
  4794 | D:5      | Noticed a +0 dagger
  4794 | D:5      | Noticed a +0 falchion
  4795 | D:5      | Noticed a +0 spear
  4795 | D:5      | Noticed a +0 short sword
  4796 | D:5      | Noticed a +0 falchion
  4796 | D:5      | Noticed a +0 spear
  4797 | D:5      | Noticed a +0 short sword
  4806 | D:5      | Killed Esekla's ghost
  4984 | D:5      | Found a runed translucent door.
  5405 | D:5      | Found a staircase to the Ecumenical Temple.
  5527 | D:5      | Reached skill level 5 in Conjurations
  5527 | D:5      | Reached skill level 5 in Earth Magic
  5527 | D:5      | Reached XP level 8. HP: 61/61 MP: 2/17
  5759 | D:3      | Bought a brightly glowing ring mail for 144 gold pieces
  5759 | D:3      | Identified the +8 ring mail of Darkness {Str+4} (You bought
                  | it in a shop on level 3 of the Dungeon)
  5825 | D:3      | Killed Ijyb
  6214 | D:6      | Reached skill level 1 in Armour
  7062 | D:3      | Bought a pair of glowing gloves for 120 gold pieces
  7560 | D:7      | Found Oqagoho's Armour Boutique.
  8806 | D:8      | Reached XP level 9. HP: 70/70 MP: 12/19
  9002 | D:8      | Reached skill level 1 in Shields
  9403 | D:8      | Found a runed translucent door.
  9403 | D:8      | Noticed iamoutofideas's ghost (novice HOGl)
  9403 | D:8      | Noticed a +1 flail of chaos
  9591 | D:8      | Found a staircase to the Lair.
  9887 | D:8      | Learned a level 2 spell: Blink
 10419 | D:9      | Reached skill level 1 in Translocations
 10523 | D:9      | Reached skill level 5 in Spellcasting
 11172 | D:9      | Learned a level 3 spell: Teleport Other
 11480 | D:9      | Identified a scroll of acquirement
 11483 | D:9      | Acquired 1201 gold pieces
 11532 | D:9      | Reached XP level 10. HP: 78/78 MP: 14/21
 12448 | D:10     | Entered Level 10 of the Dungeon
 14227 | D:10     | Reached skill level 5 in Armour
 14227 | D:10     | Reached skill level 5 in Shields
 14668 | Lair:1   | Entered Level 1 of the Lair of Beasts
 14676 | Lair:1   | Learned a level 4 spell: Iskenderun's Mystic Blast
 14782 | Lair:1   | Noticed a catoblepas
 15426 | Lair:1   | Found a runed translucent gate.
 15426 | Lair:1   | Found a runed translucent gate.
 15426 | Lair:1   | Found a runed translucent gate.
 15457 | Lair:1   | Noticed Raisev's ghost (journeyman HOFi)
 15461 | Lair:1   | Noticed a minotaur
 15810 | Lair:1   | Reached skill level 5 in Translocations
 15810 | Lair:1   | Reached XP level 11. HP: 84/85 MP: 10/24
 16090 | Lair:1   | Killed a catoblepas
 16670 | Lair:2   | Reached skill level 5 in Fighting
 17003 | Lair:2   | Noticed a skyshark
 17029 | Lair:2   | Killed a skyshark
 18046 | Lair:3   | Found a gate leading to a gauntlet.
 18305 | Gauntlet | Entered a Gauntlet
 18305 | Gauntlet | Found a transporter.
 18305 | Gauntlet | Found a transporter.
 18311 | Gauntlet | Found a transporter.
 18331 | Gauntlet | Found a transporter.
 18341 | Gauntlet | Found a transporter.
 18341 | Gauntlet | Found a transporter.
 18343 | Gauntlet | Found a transporter.
 18346 | Gauntlet | Found a transporter.
 18346 | Gauntlet | Found a transporter.
 18352 | Gauntlet | Found a runed translucent door.
 18352 | Gauntlet | Found a runed translucent door.
 18363 | Gauntlet | Found a transporter.
 18378 | Gauntlet | Noticed an obsidian statue
 18379 | Gauntlet | Found a transporter.
 18403 | Gauntlet | Found a transporter.
 18404 | Gauntlet | Noticed a reaper
 18405 | Gauntlet | Found the +0 mask of the Dragon {Will+ Slay+3 SInv}
 18407 | Gauntlet | Found a transporter.
 18455 | Gauntlet | Found a transporter.
 19151 | Gauntlet | Identified the +7 plate armour of Hizxyrghanu {-Cast -Tele
                  | rElec Dex+8}
 19151 | Gauntlet | Noticed a minotaur
 19178 | Gauntlet | Killed a minotaur
 19376 | Lair:2   | Learned a level 4 spell: Passage of Golubria
 19406 | Lair:3   | Noticed a pharaoh ant
 19433 | Lair:3   | Killed a pharaoh ant
 19624 | Lair:3   | Found a hole to the Spider Nest.
 19860 | Lair:3   | Noticed a catoblepas
 19890 | Lair:3   | Reached XP level 12. HP: 96/96 MP: 19/26
 20596 | Lair:3   | Killed a catoblepas
 21306 | Lair:3   | Found a staircase to the Swamp.
 21582 | Lair:4   | Noticed a catoblepas
 21736 | Lair:4   | Killed a catoblepas
 21737 | Lair:4   | Reached skill level 1 in Fire Magic
 22476 | Lair:4   | Reached skill level 5 in Stealth
 24220 | Lair:5   | Entered Level 5 of the Lair of Beasts
 24428 | Lair:5   | Noticed a boulder beetle
 24762 | Lair:5   | Noticed a six-headed hydra
 24766 | Lair:5   | Reached XP level 13. HP: 105/105 MP: 17/29
 25403 | Lair:5   | Identified the ring of Kyudof {rPois rCorr Str+3}
 26844 | Lair:5   | Reached skill level 5 in Fire Magic
 27193 | Lair:5   | Found a staircase to the Slime Pits.
 27544 | Lair:5   | Reached skill level 5 in Dodging
 29372 | D:11     | Learned a level 5 spell: Lee's Rapid Deconstruction
 29502 | D:11     | Noticed Sonja
 29818 | D:11     | Noticed Urug
 29850 | D:11     | Killed Urug
 30045 | D:11     | Killed Sonja
 30607 | D:11     | Reached XP level 14. HP: 115/115 MP: 20/30
 31303 | D:12     | Found a frozen archway.
 31309 | IceCv    | Entered an ice cave
 32613 | IceCv    | Noticed a reaper
 32628 | IceCv    | Killed a reaper
 33873 | D:12     | Found a staircase to the Orcish Mines.
 34199 | Orc:1    | Entered Level 1 of the Orcish Mines
 34242 | Orc:1    | Reached skill level 10 in Shields
 34899 | Orc:2    | Entered Level 2 of the Orcish Mines
 35173 | Orc:2    | Noticed Donald
 35212 | Orc:2    | Killed Donald
 35379 | Orc:2    | Found a dark tunnel.
 35388 | Volcano  | Entered a volcano
 36517 | Volcano  | Found the +0 pair of fencer's gloves {Riposte Dex+3}
 36856 | Orc:2    | Found a staircase to the Elven Halls.
 37190 | Orc:1    | Found a runed translucent door.
 37471 | Orc:1    | Found a runed translucent door.
 37477 | Orc:1    | Found the +10 tower shield of Ignorance {rN+ Int-4}
 37533 | Orc:1    | Noticed an orc warlord
 37765 | Orc:2    | Found Bump's Magic Scroll Shop.
 37983 | Orc:2    | Found Giohuah's Magic Scroll Boutique.
 37995 | Orc:2    | Reached skill level 1 in Axes
 39401 | Orc:2    | Bought a scroll of fear for 64 gold pieces
 39403 | Orc:2    | Bought a scroll of enchant weapon for 120 gold pieces
 39403 | Orc:2    | Bought a scroll of enchant weapon for 120 gold pieces
 39572 | Orc:2    | Found Usedipeu's Antique Weapon Emporium.
 39572 | Orc:2    | Found Urewil's Book Shoppe.
 39572 | Orc:2    | Found a one-way gate leading to the halls of Pandemonium.
 39611 | Orc:2    | Bought 3 scrolls of summoning for 456 gold pieces
 39634 | Orc:2    | Found Gaptizxo's Weapon Shop.
 39705 | Orc:2    | Bought the +9 dagger "Roadedoq" {pain, *Rage rElec rC+
                  | Int+6} for 978 gold pieces
 39960 | Orc:2    | Learned a level 6 spell: Starburst
 39995 | Orc:2    | Bought a book of Unlife for 432 gold pieces
 40223 | Orc:1    | Reached skill level 10 in Earth Magic
 40223 | Orc:1    | Reached XP level 15. HP: 121/121 MP: 21/32
 40471 | D:13     | Identified the +9 flail "Eguojulo" {heavy, SInv}
 40758 | D:13     | Noticed Erolcha
 40766 | D:13     | Killed Erolcha
 41246 | D:13     | Noticed Nessos
 41252 | D:13     | Killed Nessos
 42031 | D:14     | You fall into a shaft and drop 1 floor!
 42031 | D:15     | Entered Level 15 of the Dungeon
 42718 | D:14     | Found a gate to the Vaults.
 43377 | D:14     | Learned a level 5 spell: Borgnjor's Vile Clutch
 43791 | D:15     | Reached skill level 1 in Necromancy
 44175 | D:15     | Found a staircase to the Depths.
 44307 | D:15     | Noticed Azrael
 44668 | D:15     | Killed Azrael
 45700 | D:8      | Killed iamoutofideas's ghost
 45864 | Lair:1   | Killed Raisev's ghost
 45865 | Lair:1   | Reached skill level 5 in Axes
 46216 | Spider:1 | Entered Level 1 of the Spider Nest
 46847 | Spider:1 | Reached skill level 10 in Conjurations
 47119 | Spider:1 | Reached skill level 10 in Fire Magic
 47810 | Spider:1 | Reached skill level 10 in Armour
 47810 | Spider:1 | Reached XP level 16. HP: 128/128 MP: 34/34
 48930 | Spider:2 | Reached skill level 10 in Spellcasting
 50341 | Spider:3 | Got the Directory of Bewitching Nephomancy
 51114 | Spider:4 | Entered Level 4 of the Spider Nest
 51688 | Spider:4 | Reached skill level 5 in Necromancy
 53996 | Spider:4 | Got a gossamer rune of Zot
 54445 | Swamp:1  | Entered Level 1 of the Swamp
 55135 | Swamp:1  | Reached skill level 10 in Fighting
 55135 | Swamp:1  | Reached XP level 17. HP: 140/140 MP: 23/36
 55567 | Swamp:1  | Noticed a tentacled monstrosity
 55588 | Swamp:1  | Killed a tentacled monstrosity
 55926 | Swamp:2  | Identified the +0 ring mail of a Gauntlet {rCorr Dex+3
                  | Stlth-}
 57304 | Swamp:3  | Noticed Kirke
 57394 | Swamp:3  | Killed Kirke
 57719 | Swamp:3  | Found a transporter.
 57721 | Swamp:3  | Noticed wingedge's ghost (adept DgWn)
 57726 | Swamp:3  | Found a transporter.
 58597 | Swamp:3  | Killed wingedge's ghost
 58773 | Swamp:4  | Entered Level 4 of the Swamp
 58773 | Swamp:4  | Noticed Mlioglotl
 58782 | Swamp:4  | Killed Mlioglotl
 60118 | Swamp:4  | Got a decaying rune of Zot
 60801 | D:7      | Bought the +5 fire dragon scales of the Hanged Man {rF++
                  | rC- rN+ Str+3 Dex+5} for 1308 gold pieces
 61051 | Elf:1    | Entered Level 1 of the Elven Halls
 61597 | Elf:1    | Got the Tractate on the Escort
 62247 | Elf:1    | Reached XP level 18. HP: 130/151 MP: 5/37
 62515 | Elf:2    | Found a runed translucent gate.
 62515 | Elf:2    | Found a runed translucent gate.
 62515 | Elf:2    | Found a runed translucent gate.
 64864 | Elf:2    | Found Bygov's Jewellery Shop.
 64925 | Elf:3    | Entered Level 3 of the Elven Halls
 65600 | Elf:3    | Reached skill level 10 in Axes
 65768 | Elf:3    | Reached skill level 15 in Fire Magic
 66029 | Elf:3    | Noticed a Brimstone Fiend
 66315 | Elf:3    | Identified the +6 great sword of the Screaming Boar {heavy,
                  | rElec MP+9 Dex-2}
 66649 | Elf:3    | Found Atopp's Jewellery Emporium.
 66653 | Elf:3    | Found Meun's Book Boutique.
 66654 | Elf:3    | Found Nasyuzxu's Jewellery Emporium.
 66923 | Elf:3    | Identified the +7 scale mail of Burnt the Leaf {Will+
                  | Regen+ Dex-4}
 66923 | Elf:3    | Identified the ring "Kuobruw" {Fire rN+ Str-5 Dex+2}
 67299 | Elf:3    | Identified the +9 hand axe of Ilaarchy {venom, Fly rN+}
 67521 | Elf:3    | Identified the +3 whip of the Shining Light {spect, rF-
                  | rCorr Stlth+}
 67521 | Elf:3    | Identified the +0 leather armour "Buifeg" {rF+ rC+ rN+
                  | Dex-3}
 67564 | Elf:3    | Identified the +6 quarterstaff of the Coward {antimagic,
                  | rC- rN+ rCorr}
 67564 | Elf:3    | Identified the ring of Elyvilon's Inspiration {EV+5 Str+6}
 67598 | Elf:3    | Found the +18 shield of the Gong {Loud rN+ Will+ rCorr
                  | EV-5}
 67604 | Elf:3    | Noticed a Brimstone Fiend
 67848 | Elf:3    | Identified the staff of poison "Odecinant" {rPois Will+
                  | Dex+3}
 67880 | Elf:3    | Learned a level 2 spell: Sublimation of Blood
 67881 | Elf:3    | Identified the staff of air "Tour" {Fly rElec}
 67885 | Elf:3    | Got the Octavo of Pessimism
 68167 | Elf:2    | Bought the ring of the Mage {Wiz Archmagi} for 1020 gold
                  | pieces
 68167 | Elf:2    | Found the ring of the Mage {Wiz Archmagi}
 68182 | Elf:2    | Learned a level 8 spell: Ignition
 68395 | Vaults:1 | Entered Level 1 of the Vaults
 69049 | Vaults:1 | Found Yros Yre's Book Emporium.
 69226 | Vaults:1 | Reached XP level 19. HP: 149/157 MP: 15/39
 70244 | Vaults:2 | Reached skill level 10 in Necromancy
 70478 | Vaults:2 | Found a magical portal.
 70483 | WizLab   | Entered Borgnjor's Mausoleum
 71245 | WizLab   | Got Sif Muna's Papyrus of the Grave
 71940 | Vaults:2 | Found Xaoxoucle's Antique Armour Emporium.
 73082 | Vaults:3 | Noticed Mara
 73090 | Vaults:3 | Killed Mara
 73251 | Vaults:3 | Noticed Frederick
 73256 | Vaults:3 | Killed Frederick
 73257 | Vaults:3 | Reached XP level 20. HP: 172/172 MP: 18/41
 74083 | Vaults:3 | Found a staircase to the Crypt.
 74484 | Vaults:3 | Learned a level 6 spell: Death Channel
 74667 | Vaults:4 | Reached skill level 1 in Transmutations
 75327 | Vaults:4 | Identified the +1 mace of Satyriasis {freeze, Dex+2}
 76068 | Vaults:5 | Entered Level 5 of the Vaults
 76073 | Vaults:5 | Noticed an ancient lich
 76083 | Vaults:5 | Killed an ancient lich
 76088 | Vaults:5 | Noticed a dread lich
 76094 | Vaults:5 | Killed a dread lich
 76095 | Vaults:5 | Reached skill level 15 in Fighting
 76095 | Vaults:5 | Reached XP level 21. HP: 148/184 MP: 1/42
 76101 | Vaults:5 | Noticed an ancient lich
 76616 | Vaults:5 | Noticed an ancient lich
 76623 | Vaults:5 | Killed an ancient lich
 76749 | Vaults:5 | Identified the +0 scale mail "Cuck" {rC+}
 76817 | Vaults:5 | Identified the +5 rapier of Evisceration {spect, Stlth+}
 76837 | Vaults:5 | Killed an ancient lich
 76839 | Vaults:5 | Noticed an ancient lich
 76858 | Vaults:5 | Killed an ancient lich
 77133 | Vaults:5 | Identified the +9 battleaxe "Zeixoug" {flame, rC+}
 77194 | Vaults:5 | Identified the +0 leather armour "Xoiwuobi" {rF+ Int+2}
 77211 | Vaults:5 | Got the Vademecum on Prime Poison
 77245 | Vaults:5 | Got Experienced Theurgy
 77265 | Vaults:5 | Got a silver rune of Zot
 77284 | Vaults:5 | Reached skill level 5 in Transmutations
 77534 | Vaults:5 | Identified the +5 scale mail of the Ninety-Nine Ships
                  | {Will++ Str+6 Int+4}
 77553 | Vaults:5 | Identified the staff of fire "Kyhuapho" {rF+ rCorr Str-5
                  | Dex+3}
 79508 | Slime:1  | Entered Level 1 of the Pits of Slime
 79568 | Slime:1  | Gained mutation: You are robust. (+10% HP) [a shining eye]
 79980 | Slime:2  | Reached skill level 1 in Ice Magic
 80564 | Slime:3  | Paralysed by a floating eye for 4 turns
 80806 | Slime:3  | Reached XP level 22. HP: 213/213 MP: 22/43
 81042 | Slime:4  | Reached skill level 2 in Ice Magic
 81305 | Slime:4  | Learned a level 5 spell: Irradiate
 81367 | Slime:5  | Entered Level 5 of the Pits of Slime
 81465 | Slime:5  | Reached skill level 3 in Ice Magic
 81467 | Slime:5  | Noticed the Royal Jelly
 81479 | Slime:5  | Killed the Royal Jelly
 81714 | Slime:5  | Identified the ring of Ysushog {Str+6 Dex+2}
 81718 | Slime:5  | Got a slimy rune of Zot
 81719 | Slime:5  | Identified the +7 flail "Jifiemo" {venom, Dex+4}
 81765 | Slime:5  | Got the Secrets of Nasty Configuration
 82225 | Slime:4  | Gained mutation: You sometimes lose your temper in combat.
                  | [a shining eye]
 82361 | Slime:5  | Lost mutation: You are robust. (+10% HP) [potion of
                  | mutation]
 82361 | Slime:5  | Lost mutation: You sometimes lose your temper in combat.
                  | [potion of mutation]
 82361 | Slime:5  | Gained mutation: You are dopey. (Int -2) [potion of
                  | mutation]
 82361 | Slime:5  | Gained mutation: You have supernaturally acute eyesight.
                  | (SInv) [potion of mutation]
 82361 | Slime:5  | Gained mutation: You have a pair of small horns on your
                  | head. [potion of mutation]
 82811 | Depths:1 | Entered Level 1 of the Depths
 82849 | Depths:1 | Found Nionag's Antique Armour Shoppe.
 82942 | Depths:1 | Found a gateway to Hell.
 83104 | Depths:1 | Reached skill level 4 in Ice Magic
 84196 | Depths:2 | Noticed Nikola
 84201 | Depths:2 | Killed Nikola
 84495 | Depths:2 | Reached skill level 5 in Ice Magic
 84871 | Depths:2 | Reached XP level 23. HP: 202/202 MP: 43/45
 84979 | Depths:2 | Identified the +1 chain mail of Yxainemu {Will+}
 85020 | Depths:1 | Identified the +6 quarterstaff of Atuo {freeze, rC- Will++}
 85020 | Depths:1 | Identified the +5 quarterstaff "Quepso" {chaos, Int+6}
 85555 | Depths:3 | Noticed a dread lich
 85567 | Depths:3 | Killed a dread lich
 85599 | Depths:3 | Reached skill level 10 in Dodging
 85661 | Depths:3 | Identified the ring "Tiujyis" {Wiz Dex+2}
 85668 | Depths:3 | Reached skill level 6 in Ice Magic
 85932 | Depths:3 | Identified the +8 chain mail "Risyer" {Will++ Str-2 Dex+4}
 86484 | Depths:3 | Reached XP level 24. HP: 206/210 MP: 38/46
 87644 | Elf:3    | Bought the ring of Kunin {rElec rF- rC+++ Str+6 SInv} for
                  | 1644 gold pieces
 87664 | Elf:3    | Learned a level 6 spell: Statue Form
 88352 | Depths:4 | Entered Level 4 of the Depths
 88394 | Depths:4 | Reached skill level 7 in Ice Magic
 89871 | Depths:4 | Reached skill level 8 in Ice Magic
 90037 | Depths:4 | Found a one-way gateway to a ziggurat.
 90223 | Depths:4 | Found a gate to the Realm of Zot.
 90432 | Zot:1    | Entered Level 1 of the Realm of Zot
 90454 | Zot:1    | Reached skill level 10 in Transmutations
 90657 | Zot:1    | Reached skill level 9 in Ice Magic
 90767 | Zot:1    | Reached skill level 15 in Axes
 91163 | Zot:1    | Reached skill level 10 in Ice Magic
 91419 | Zot:1    | Identified the +1 robe of the Cuttlefish {rC+}
 92064 | Crypt:1  | Entered Level 1 of the Crypt
 92189 | Crypt:1  | Noticed Margery
 92204 | Crypt:1  | Killed Margery
 92373 | Crypt:1  | Reached XP level 25. HP: 181/215 MP: 24/46
 92410 | Crypt:1  | Reached skill level 11 in Ice Magic
 92827 | Orc:2    | Bought a book of Ice for 600 gold pieces
 92835 | Orc:2    | Learned a level 7 spell: Ozocubu's Refrigeration
 94039 | Crypt:2  | Noticed Zenata
 94050 | Crypt:2  | Killed Zenata
 94158 | Crypt:2  | Noticed Mennas
 94169 | Crypt:2  | Killed Mennas
 94308 | Crypt:2  | Identified the ring "Giddusy" {AC+4 Stlth+}
 94407 | Crypt:2  | Noticed a dread lich
 94410 | Crypt:2  | Found a transporter.
 94451 | Crypt:2  | Learned a level 6 spell: Iron Shot
 94487 | Crypt:2  | Found a transporter.
 94554 | Crypt:2  | Killed a dread lich
 94713 | Crypt:2  | Noticed Saint Roka
 94720 | Crypt:2  | Killed Saint Roka
 95288 | Crypt:3  | Entered Level 3 of the Crypt
 95295 | Crypt:3  | Noticed Grunn
 95426 | Crypt:3  | Killed Grunn
 95571 | Crypt:3  | Reached skill level 12 in Ice Magic
 96358 | Crypt:3  | Found a staircase to the Tomb.
 96922 | Crypt:3  | Identified the ring of Gin and Tonic {rN+ Int+6}
 96922 | Crypt:3  | Identified the ring "Ylleig" {rN+ rCorr}
 97157 | Crypt:3  | Found the +9 sword of Zonguldrok {reap}
 97163 | Crypt:3  | Identified the +4 scale mail of the Mantidfly {rCorr Dex+5}
 97166 | Crypt:3  | Identified the +3 ring mail of the Imp {Int+3}
 97183 | Crypt:3  | Identified the +7 shortbow "Mocycij" {heavy, Str+2 Int+3}
 98262 | Zot:2    | Reached skill level 13 in Ice Magic
 99893 | Zot:3    | Identified the ring "Zeladd" {Ice rPois}
 99893 | Zot:3    | Noticed Josephina
 99900 | Zot:3    | Killed Josephina
 99901 | Zot:3    | Reached skill level 15 in Armour
 99973 | Zot:3    | Reached XP level 26. HP: 196/224 MP: 10/47
100161 | Zot:3    | Identified the +0 scale mail of the Banana {rN+ Int+3
                  | Dex+3}
102317 | Depths:3 | Voluntarily entered the Abyss.
102330 | Depths:3 | Escaped the Abyss
102332 | Depths:3 | Voluntarily entered the Abyss.
102641 | Abyss:3  | Reached skill level 14 in Ice Magic
102728 | Abyss:3  | Found a transporter.
102760 | Abyss:3  | Found a transporter.
102761 | Abyss:3  | Got an abyssal rune of Zot
102777 | Abyss:3  | Found a transporter.
102790 | Abyss:3  | Gained mutation: You are very dopey. (Int -4) [a neqoxec]
102803 | Depths:3 | Escaped the Abyss
103016 | Pan      | Entered Pandemonium
103378 | Pan      | Noticed Laachyl the pandemonium lord
103392 | Pan      | Killed Laachyl the pandemonium lord
104115 | Pan      | Got a demonic rune of Zot
105432 | Pan      | Reached skill level 15 in Ice Magic
106360 | Pan      | Gained mutation: You sometimes lose your temper in combat.
                  | [a neqoxec]
106365 | Pan      | Lost mutation: You are very dopey. (Int -4) [potion of
                  | mutation]
106365 | Pan      | Lost mutation: You have supernaturally acute eyesight.
                  | (SInv) [potion of mutation]
106365 | Pan      | Gained mutation: Your movements are slightly less
                  | encumbered by armour. (ER -2) [potion of mutation]
106365 | Pan      | Gained mutation: You expend magic power (3 MP) to
                  | strengthen your wands. [potion of mutation]
106366 | Pan      | Lost mutation: You expend magic power (3 MP) to strengthen
                  | your wands. [potion of mutation]
106366 | Pan      | Lost mutation: You are dopey. (Int -2) [potion of mutation]
106366 | Pan      | Lost mutation: You sometimes lose your temper in combat.
                  | [potion of mutation]
106366 | Pan      | Gained mutation: Your spells are a little harder to cast,
                  | but a little more powerful. [potion of mutation]
106577 | Pan      | Found a runed translucent door.
106797 | Pan      | Got the Tome of Earth and Striking
107054 | Pan      | Reached XP level 27. HP: 225/231 MP: 22/48
107055 | Pan      | Noticed Meatea the pandemonium lord
107067 | Pan      | Killed Meatea the pandemonium lord
107068 | Pan      | Reached skill level 15 in Spellcasting
107126 | Pan      | Reached skill level 16 in Ice Magic
107658 | Pan      | Entered the realm of Gloorx Vloq.
108389 | Pan      | Noticed Gloorx Vloq
108397 | Pan      | Killed Gloorx Vloq
108530 | Pan      | Got a dark rune of Zot
108719 | Pan      | Entered the realm of Mnoleg.
108719 | Pan      | Noticed Mnoleg
108730 | Pan      | Killed Mnoleg
108731 | Pan      | Reached skill level 17 in Ice Magic
108853 | Pan      | Gained mutation: You occasionally lose the ability to read
                  | scrolls when taking damage. [a shining eye]
109400 | Pan      | Got a glowing rune of Zot
109422 | Pan      | Identified the staff of air "Caus Zam" {rElec rF++ MP+9
                  | Dex-5 SInv}
109688 | Pan      | Found an exit through the horrors of the Abyss.
109695 | Pan      | Noticed Punuk the pandemonium lord
109696 | Pan      | Noticed Soalad the pandemonium lord
109701 | Pan      | Killed Soalad the pandemonium lord
109819 | Pan      | Entered the realm of Lom Lobon.
109986 | Pan      | Found an exit through the horrors of the Abyss.
109993 | Pan      | Got Sif Muna's Directory of Macabre Anthracomancy
110530 | Pan      | Reached skill level 18 in Ice Magic
111120 | Pan      | Noticed Lom Lobon
111149 | Pan      | Killed Lom Lobon
111150 | Pan      | Reached skill level 19 in Ice Magic
111287 | Pan      | Got a magical rune of Zot
111298 | Pan      | Learned a level 9 spell: Polar Vortex
111595 | Pan      | Found an exit through the horrors of the Abyss.
112481 | Pan      | Entered the realm of Cerebov.
112564 | Pan      | Found an exit through the horrors of the Abyss.
113100 | Pan      | Identified the ring of Farelul {rElec EV+5}
113106 | Pan      | Got the Handbook of the Turbulent Union
113157 | Pan      | Identified the +8 mace of Honour {antimagic, rF+ rC+}
113218 | Pan      | Identified the staff of air "Uziow" {rElec rPois rC+ Dex+2}
113222 | Pan      | Identified the staff of conjuration "Ripud" {+Blink Stlth+}
113284 | Pan      | Found the +6 sword of Cerebov {flame}
113284 | Pan      | Noticed Cerebov
113311 | Pan      | Killed Cerebov
113312 | Pan      | Reached skill level 20 in Ice Magic
113545 | Pan      | Got a fiery rune of Zot
113990 | Pan      | Learned a level 3 spell: Vhi's Electric Charge
114174 | Pan      | Reached skill level 15 in Shields
114498 | Pan      | Identified the +0 chain mail "Xucseob" {Rampage rCorr}
114831 | Pan      | Identified the +0 plate armour of Heomo {rElec Regen+
                  | Str+5}
114831 | Pan      | Identified the ring of the Purple Skies {rElec rF++ MP+9
                  | Int-4 SInv}
114831 | Pan      | Noticed a seraph
114833 | Pan      | Killed a seraph
114865 | Pan      | Identified the +2 sling of Lies {drain, rElec rC+ Int-5}
114867 | Pan      | Identified the staff of death "Lofoz" {rN+ rCorr Int+2
                  | Dex+5}
114885 | Depths:1 | Escaped Pandemonium
114963 | Hell     | Entered the Vestibule of Hell
114963 | Hell     | Noticed Geryon
114963 | Hell     | Found a gateway to the freezing wastes of Cocytus.
114996 | Hell     | Killed Geryon
115185 | Hell     | Learned a level 8 spell: Necromutation
115360 | Hell     | Found a gateway to the decaying netherworld of Tartarus.
115427 | Hell     | Lost mutation: You have a pair of small horns on your head.
                  | [potion of mutation]
115427 | Hell     | Lost mutation: Your movements are slightly less encumbered
                  | by armour. (ER -2) [potion of mutation]
115427 | Hell     | Gained mutation: You are strong-willed. (Will+) [potion of
                  | mutation]
115428 | Hell     | Lost mutation: You are strong-willed. (Will+) [potion of
                  | mutation]
115428 | Hell     | Lost mutation: You occasionally lose the ability to read
                  | scrolls when taking damage. [potion of mutation]
115428 | Hell     | Lost mutation: Your spells are a little harder to cast, but
                  | a little more powerful. [potion of mutation]
115428 | Hell     | Gained mutation: Your flesh is heat resistant. (rF+)
                  | [potion of mutation]
115428 | Hell     | Gained mutation: Your muscles are strong. (Str +4, Int/Dex
                  | -1) [potion of mutation]
115454 | Hell     | Found a gateway to the ashen valley of Gehenna.
115469 | Geh:1    | Entered Level 1 of Gehenna
115728 | Geh:1    | Noticed an ancient lich
115734 | Geh:1    | Killed an ancient lich
115735 | Geh:1    | Reached skill level 10 in Stealth
116571 | Geh:3    | You are sucked into a shaft and drop 3 floors!
117148 | Geh:7    | Entered Level 7 of Gehenna
117539 | Geh:7    | Reached skill level 15 in Necromancy
117896 | Geh:7    | Reached skill level 15 in Transmutations
118167 | Geh:7    | Found the +13 sceptre of Asmodeus
118167 | Geh:7    | Noticed Asmodeus
118198 | Geh:7    | Killed Asmodeus
118239 | Geh:7    | Got an obsidian rune of Zot
118240 | Geh:7    | Identified the staff of conjuration "Miressu" {Int+2 Dex+3}
118455 | Coc:1    | Entered Level 1 of Cocytus
118464 | Coc:1    | Paralysed by a wendigo for 1 turns
118474 | Coc:1    | Paralysed by a wendigo for 1 turns
118480 | Coc:1    | Paralysed by a wendigo for 1 turns
120266 | Coc:5    | Noticed a dread lich
120272 | Coc:5    | Killed a dread lich
120445 | Coc:6    | Reached skill level 21 in Ice Magic
120850 | Coc:7    | Entered Level 7 of Cocytus
120958 | Coc:7    | Paralysed by a wendigo for 1 turns
120967 | Coc:7    | Paralysed by a wendigo for 1 turns
121415 | Coc:7    | Found the +3 Mad Mage's Maulers {Infuse+∞ VampMP -Cast}
121446 | Coc:7    | Paralysed by a wendigo for 1 turns
121479 | Coc:7    | Noticed Antaeus
121504 | Coc:7    | Killed Antaeus
121505 | Coc:7    | Reached skill level 22 in Ice Magic
121664 | Coc:7    | Got an icy rune of Zot
121859 | Coc:7    | Paralysed by a wendigo for 1 turns
122621 | Tar:1    | Entered Level 1 of Tartarus
123015 | Tar:2    | You are sucked into a shaft and drop 1 floor!
123929 | Tar:5    | Reached skill level 23 in Ice Magic
124643 | Tar:7    | Entered Level 7 of Tartarus
124681 | Tar:7    | Noticed a dread lich
124695 | Tar:7    | Killed a dread lich
124770 | Tar:7    | Noticed an ancient lich
124777 | Tar:7    | Killed an ancient lich
125118 | Tar:7    | Identified the +1 arbalest "Ashramatu" {penet, rElec
                  | Will++}
125120 | Tar:7    | Got the Catalogue of Injury and Fire
125147 | Tar:7    | Identified the ring "Fudoel" {rF+ Str+4 Int+5}
125154 | Tar:7    | Identified the +10 falchion of Rokux {vamp, Fly Will+ Int-2
                  | Dex+4}
125260 | Tar:7    | Noticed an ancient lich
125265 | Tar:7    | Killed an ancient lich
125435 | Tar:7    | Noticed Ereshkigal
125451 | Tar:7    | Killed Ereshkigal
125565 | Tar:7    | Got a bone rune of Zot
126166 | Orc:2    | Bought a scroll of amnesia for 64 gold pieces
126177 | Orc:2    | Learned a level 8 spell: Borgnjor's Revivification
126477 | Zig:1    | Entered Level 1 of a ziggurat
126532 | Zig:2    | Entered Level 2 of a ziggurat
126643 | Zig:3    | Entered Level 3 of a ziggurat
126738 | Zig:3    | Got the Parchment of the Reformed Arsonist
126768 | Zig:4    | Entered Level 4 of a ziggurat
126801 | Zig:4    | Identified the +7 spear "Jiro Ake" {freeze, Dex+5}
126803 | Zig:4    | Identified the +11 sling "Bich" {flame, Dex+3}
126843 | Zig:5    | Entered Level 5 of a ziggurat
126909 | Zig:5    | Identified the staff of earth "Fouhavy" {Str+4}
126912 | Zig:6    | Entered Level 6 of a ziggurat
126937 | Zig:6    | Identified the ring of Xaiph {rC+ Str+4}
126983 | Zig:7    | Entered Level 7 of a ziggurat
127081 | Zig:7    | Identified the ring of Zothehal {rN+ Will+ Str-2 Int+3}
127097 | Zig:8    | Entered Level 8 of a ziggurat
127219 | Zig:9    | Entered Level 9 of a ziggurat
127225 | Zig:9    | Found the +7 great mace "Firestarter" {flame, immolate,
                  | rFlCloud rF++}
127318 | Zig:9    | Identified the staff of earth "Kotiug" {rPois rN+}
127319 | Zig:9    | Identified the +8 battleaxe of Diet Blood {spect, Fly rN+
                  | Str+4 SInv}
127323 | Zig:9    | Identified the staff of earth "Jemorch" {rC+}
127333 | Zig:10   | Entered Level 10 of a ziggurat
127462 | Zig:10   | Identified the +1 robe of Responsibility {rN+ rCorr}
127484 | Zig:11   | Entered Level 11 of a ziggurat
127493 | Zig:11   | Noticed monsoonserge's ghost (legendary HOFi)
127499 | Zig:11   | Noticed Jingleheimer's ghost (legendary OpTm)
127508 | Zig:11   | Killed Jingleheimer's ghost
127528 | Zig:11   | Killed monsoonserge's ghost
127695 | Zig:11   | Identified the amulet "Logom" {Regen+ Int+3}
127716 | Zig:11   | Identified the staff of cold "Zil Heo" {rPois rC+ Will++
                  | Int-4 Stlth+}
127726 | Zig:12   | Entered Level 12 of a ziggurat
127731 | Zig:12   | Noticed an ancient lich
127735 | Zig:12   | Noticed an ancient lich
127738 | Zig:12   | Killed an ancient lich
127739 | Zig:12   | Killed an ancient lich
127804 | Zig:12   | Identified the staff of air "Voyl" {rElec rF+ Dex+5}
127874 | Zig:13   | Entered Level 13 of a ziggurat
127967 | Zig:13   | Identified the amulet of Oenomania {Regen+ Int+6}
127981 | Zig:13   | Got the Precepts of Transposition
127994 | Zig:13   | Identified the ring "Huul" {Dex+2 SInv}
128000 | Zig:14   | Entered Level 14 of a ziggurat
128012 | Zig:14   | Reached skill level 15 in Dodging
128013 | Zig:14   | Found the +12 glaive of Prune {freeze, Prune}
128013 | Zig:14   | Found the +7 mace of Variability {chaos, chaos arc}
128173 | Zig:14   | Learned a level 8 spell: Lehudib's Crystal Spear
128184 | Zig:14   | Identified the staff of poison "Nudiclir" {rPois rC+}
128216 | Zig:15   | Entered Level 15 of a ziggurat
128401 | Zig:15   | Identified the +7 dagger "Uqac" {heavy, rPois Str+5}
128405 | Zig:15   | Identified the staff of air "Vufuv" {rElec rC+}
128410 | Zig:15   | Identified the ring "Yridar Boim" {rC+ rCorr MP+9 Str-2
                  | Dex+3}
128418 | Zig:15   | Identified the +7 ring mail "Ataxku Mulo" {Rampage rElec
                  | Stlth+}
128453 | Hell     | Found a gateway to the Iron City of Dis.
128604 | Dis:1    | Entered Level 1 of the Iron City of Dis
129184 | Dis:2    | Noticed an ancient lich
129188 | Dis:2    | Killed an ancient lich
130502 | Dis:5    | Killed from afar by a Hell Sentinel

Illustrated notes

Levels and vault maps discovered:
D:1:      reono_arrival_mine, layout_loops_corners
D:2:      layout_basic
D:3:      minmay_bubble_buster, layout_rooms, lemuel_round_altar, serial_shops,
          shop, uniq_ijyb
D:4:      layout_loops_ring, gammafunk_ghost_abyssal_escape, uniq_robin
D:5:      layout_basic, nicolae_uskayaw_en_pointe,
          minmay_temple_entry_drinking_statues, ebering_ghost_sewer_f
D:6:      layout_basic, mainiacjoe_overflow_alcove_2, jmf_multi_god_temple
D:7:      layout_basic, nicolae_overflow_quartered_altars, serial_shops, shop
D:8:      layout_loops_ring, kennysheep_mini, grunt_lair_entry_orc_guard_hut,
          ebering_ghost_xom
D:9:      layout_basic, vehumet_statue, roderic_serpentine_path
D:10:     layout_grid_maze
D:11:     layout_gridville, minmay_bent, uniq_sonja, uniq_urug
D:12:     layout_loops_ring, orc_0_dummy, portal_ice_cave_rime,
          hangedman_abyss_or_decor_passed, nicolae_splish_splash
D:13:     layout_roguey, uniq_erolcha, uniq_nessos
D:14:     layout_roguey, grunt_vaults_entry_tiered, nicolae_hexahallways,
          grunt_decor_cap, nicolae_qazlal_eye_of_the_storm
D:15:     gammafunk_depths_entry_grave, layout_stronghold, serial_column_ruins,
          column_ruins_square_medium, column_ruins_square_medium,
          column_ruins_open_tiny_water, column_ruins_open_medium,
          column_ruins_open_tiny, column_ruins_open_tiny, column_ruins_grid_3,
          column_ruins_grid_1, column_ruins_corridor_corner, serial_park_tiny_2,
          grunt_dithmenos_shadows, uniq_azrael
Lair:1:   layout_long_grid, maelrawn_ghost_gauntlet_escape
Lair:2:   layout_loops_ring
Lair:3:   layout_regular_city, nicolae_swamp_entry_splash_gauntlet,
          nicolae_spider_entry_lesser_pyramids, gauntlet_entry_generic
Lair:4:   layout_layer_cave, minivault_25, lemuel_fruit_fields,
          grunt_megastairs_2
Lair:5:   hellmonk_lair_end_abyssal_woods, layout_cave_shapes, slime_entry_1
Swamp:1:  cheibrodos_swamp_monstrosity, layout_basic_swamp,
          evilmike_swamp_ruin_house_5, swamp_pool4, infiniplex_staircase_pool
Swamp:2:  layout_basic_swamp, evilmike_swamp_ruin_house_2
Swamp:3:  layout_basic_swamp, gammafunk_ghost_mausoleum, hangedman_swamp_pad,
          infiniplex_staircase_pool_2, uniq_kirke
Swamp:4:  swamp_basic_johnstein, layout_basic_swamp, uniq_mlioglotl
Spider:1: layout_spider_delve
Spider:2: layout_spider_delve
Spider:3: layout_spider_delve, hangedman_spider_tarantella_strand
Spider:4: guppyfry_spider_rune
Slime:1:  layout_caves, cheibrodos_slime_lost_civilization_6
Slime:2:  layout_caves
Slime:3:  layout_caves
Slime:4:  layout_caves, basic_altar
Slime:5
Orc:1:    layout_caves, chequers_guarded_unrand_ignorance
Orc:2:    pf_orc_diabolical, layout_diamond_mine,
          lightli_volcano_entry_magma_tube, serial_shops,
          nicolae_shop_bloodbath_and_beyond, uniq_donald
Elf:1:    eino_elf_arrival_sip, layout_gridlike, minmay_elf_demonology,
          minmay_strange_pillars, serial_sigils_hangedman_snap
Elf:2:    elven_hall_of_blades_hangedman_original [nicolae_blade_bullseye],
          layout_gridlike, serial_shops, nicolae_shop_trees
Elf:3:    minmay_elf_hall_statues, layout_loops_ring, minmay_shop_grove
Vaults:1: nicolae_vaults_door_testing_chamber,
          nicolae_vaults_offset_grid_hallway_4, nicolae_vaults_six-pack,
          nicolae_vaults_heart-shaped_vault, v_misc_33,
          nicolae_vaults_wine_cellar, nicolae_vaults_storage_closets_3,
          nicolae_vaults_little_squares_3, vaults_room_fancy_cross,
          vaults_room_semicircle, layout_vaults_quadrants, serial_shops, shop
Vaults:2: infiniplex_enter_wizlab_spiral, v_alt_pattern_6,
          nicolae_vaults_cochlea, vaults_room_door_ring,
          vaults_standard_mumra_enter_the_diamond,
          nicolae_vaults_layer_cake_slice, hangedman_vaults_hat,
          nicolae_vaults_double_plus_1, grunt_vaults_hallway_short,
          grunt_vaults_twisty, hangedman_vaults_corner_blocks,
          nicolae_vaults_six-pack, nicolae_vaults_tetromino_Z_2,
          nicolae_vaults_tetromino_L_2, nicolae_vaults_ring_of_whatevers,
          layout_vaults_chaotic_city, serial_shops,
          nicolae_shop_pleasant_corner_grove
Vaults:3: minmay_crypt_entry_simple_walls, ontoclasm_vaults_loading_screen,
          nicolae_vaults_surprise_closet, hangedman_vaults_nails,
          nicolae_vaults_closet_pinwheel_1, vaults_mumra_lcd,
          hangedman_vaults_corner, v_alt_pattern_2, nicolae_vaults_alarming,
          vaults_room_guarded_vault, nicolae_vaults_layer_cake_slice,
          layout_vaults_omnicross, uniq_frederick, uniq_mara
Vaults:4: nicolae_vaults_disjoint_gnomons, v_misc_2, ontoclasm_vaults_hangar,
          vaults_mumra_minichess, ontoclasm_vaults_tryst, grunt_vaults_diagonal,
          ontoclasm_vaults_misaligned, nicolae_vaults_heart-shaped_vault,
          nicolae_vaults_trapezoid_lopsided_1, nicolae_vaults_sesquioval_fish,
          layout_vaults_ring
Vaults:5: serial_shops
Crypt:1:  layout_gridlike, grunt_crypt_arrival_guarded_gate,
          roderic_lattice_octagonal_star, uniq_margery
Crypt:2:  gammafunk_sealed_arena, layout_basic, uniq_zenata, uniq_mennas,
          uniq_saint_roka
Crypt:3:  due_elkab, layout_chaotic_city, st_stairs_8, uniq_grunn
Depths:1: layout_twisted_cross, hex_medium, hell_entry, rand_demon_pan_entry_4,
          serial_shops, shop, fedhas_altar_fruit_tree, nicolae_triple_integral,
          firewood_loft
Depths:2: dreamdust_cat_pyramid, layout_cave_pools, abyss_entry, hell_entry,
          grunt_pan_entry_sceptre, infiniplex_staircase_door_maze, uniq_nikola
Depths:3: minmay_octo_star, layout_cave_shapes, grunt_hell_horde,
          abyss_entry_flame_altar, nicolae_keep_em_comin
Depths:4: grunt_zot_entry_alcove, layout_long_grid, enter_ziggurat_b,
          minmay_misc_feat_rugged, hell_entry, grunt_megastairs_1
Hell
Dis:1:    layout_subdivisions
Dis:2:    layout_regular_city
Dis:3:    layout_gridville, nicolae_dis_strange_trophy_room
Dis:4:    layout_regular_city, nicolae_dis_distal_crystal
Dis:5:    layout_regular_city, evilmike_ambush [evilmike_ambush_outer_basic,
          evilmike_ambush_inner_pond]
Geh:1:    layout_gehenna_pools_basic
Geh:2:    layout_gehenna_pools_basic, lemuel_old_faithful
Geh:3:    layout_gehenna_pools_triple, gehenna_fire_generator
Geh:6:    layout_gehenna_pools_box
Geh:7:    geh_grunt_pentagon
Coc:1:    layout_cocytus_delve
Coc:2:    layout_ice_bergs
Coc:3:    layout_ice_bergs
Coc:4:    layout_cocytus_water_paths
Coc:5:    layout_cocytus_delve
Coc:6:    layout_ice_bergs
Coc:7:    coc_dpeg
Tar:1:    layout_grid_maze, nicolae_hells_seeping_fissure
Tar:2:    layout_catacombs, nicolae_tar_cuneiform_sun, nicolae_tar_grid_combs
Tar:3:    layout_cathedral_of_symmetry, lemuel_nasty_fountain
Tar:4:    layout_honeycomb, nicolae_tar_cuneiform_city
Tar:5:    nicolae_tar_funeral_procession, layout_cathedral_of_symmetry
Tar:6:    layout_honeycomb
Tar:7:    tar_old
Zot:1:    hangedman_zot_vaults_quadrants, layout_onion_interference,
          st_large_dragon_hoard_1
Zot:2:    layout_cathedral_of_symmetry, lemuel_elevator
Zot:3:    layout_gridlike, uniq_josephina
Zot:4:    circus_mu, layout_gridlike, grunt_ministairs_2

Skill      XL: |  1  2  3  4  5  6  7  8  9 10 11 12 13 14 15 16 17 18 19 20 21 22 23 24 25 26 27 |
---------------+----------------------------------------------------------------------------------+-----
Stealth        | 2 3 4 6 7 8 11 | 11.0
Dodging        | 2 5 6 7 9 10 11 17 | 17.3
Spellcasting   | 2 3 4 5 6 7 8 9 10 11 12 13 14 19 | 19.5
Conjurations   | 1 2 4 5 6 7 8 10 11 14 | 14.3
Earth Magic    | 3 4 5 6 7 10 14 | 14.2
Fighting       | 1 2 3 4 6 7 8 10 11 13 15 16 20 | 20.0
Armour         | 3 4 5 6 7 8 10 11 12 13 15 16 17 | 17.0
Shields        | 4 5 7 8 9 10 11 12 13 14 18 | 18.4
Translocations | 1 5 7 |  7.0
Fire Magic     | 3 6 8 10 12 14 15 17 18 19 20 | 20.0
Axes           | 2 5 7 9 10 12 13 14 15 16 18 | 18.0
Necromancy     | 3 6 8 9 10 11 17 | 17.0
Transmutations | 3 5 6 7 11 17 | 17.0
Ice Magic      | 1 5 6 10 13 15 23 | 23.0

Action                     |  1- 3 |  4- 6 |  7- 9 | 10-12 | 13-15 | 16-18 | 19-21 | 22-24 | 25-27 || total
---------------------------+-------+-------+-------+-------+-------+-------+-------+-------+-------++-------
  Melee: Dagger            |       |     2 |       |       |       |     1 |       |     2 |     5 ||    10
         Spear             |       |    16 |    53 |   160 |   124 |       |       |       |       ||   353
         Quarterstaff      |       |     6 |       |       |       |       |       |       |       ||     6
         Hand axe          |       |       |       |    17 |    56 |       |       |       |       ||    73
         Broad axe         |       |       |       |       |   281 |   461 |   377 |   225 |  2193 ||  3537
         Headbutt          |       |       |       |       |       |       |       |   122 |   726 ||   848
         Staff             |       |       |       |       |       |       |       |     1 |       ||     1
  Throw: Dart              |       |       |       |     2 |       |       |       |       |       ||     2
         Javelin           |       |       |       |       |     2 |       |       |       |       ||     2
         Throwing net      |       |       |       |       |     2 |       |       |       |       ||     2
   Cast: Sandblast         |    76 |    83 |    47 |     1 |       |       |       |       |       ||   207
         Stone Arrow       |       |    27 |   164 |   360 |   620 |    78 |    75 |     2 |       ||  1326
         Iskenderun's Myst |       |       |       |    45 |    47 |     1 |       |       |       ||    93
         Teleport Other    |       |       |       |     1 |     4 |     1 |       |       |       ||     6
         Blink             |       |       |       |     3 |     7 |     7 |     3 |     5 |     4 ||    29
         Passage of Golubr |       |       |       |     1 |    13 |    11 |     2 |     2 |    12 ||    41
         Lee's Rapid Decon |       |       |       |       |   100 |    76 |   124 |    81 |    44 ||   425
         Borgnjor's Vile C |       |       |       |       |    13 |   252 |   106 |   136 |   240 ||   747
         Starburst         |       |       |       |       |     5 |    99 |    49 |    47 |    12 ||   212
         Sublimation of Bl |       |       |       |       |       |     2 |   133 |    83 |   343 ||   561
         Ignition          |       |       |       |       |       |       |    78 |    96 |   300 ||   474
         Death Channel     |       |       |       |       |       |       |    14 |    33 |       ||    47
         Irradiate         |       |       |       |       |       |       |       |    18 |    17 ||    35
         Iron Shot         |       |       |       |       |       |       |       |       |   222 ||   222
         Ozocubu's Refrige |       |       |       |       |       |       |       |       |   387 ||   387
         Statue Form       |       |       |       |       |       |       |       |       |    19 ||    19
         Necromutation     |       |       |       |       |       |       |       |       |   120 ||   120
         Vhi's Electric Ch |       |       |       |       |       |       |       |       |   114 ||   114
         Lehudib's Crystal |       |       |       |       |       |       |       |       |    54 ||    54
         Polar Vortex      |       |       |       |       |       |       |       |       |    33 ||    33
Ability: End Transformatio |       |       |       |       |       |       |       |       |    77 ||    77
  Evoke: Wand              |       |       |       |    16 |    19 |       |       |       |     4 ||    39
         Condenser vane    |       |       |       |       |     1 |       |       |       |       ||     1
    Use: Scroll            |       |     6 |     7 |    14 |    21 |     7 |     7 |    20 |    18 ||   100
         Potion            |       |     1 |       |     3 |     2 |     5 |     8 |    10 |    38 ||    67
   Stab: Paralysed         |       |       |       |    18 |    13 |       |       |       |       ||    31
         Distracted        |       |       |       |     1 |     1 |     2 |     1 |     1 |     8 ||    14
         Sleeping          |       |       |       |       |     7 |     4 |     1 |       |       ||    12
         Fleeing           |       |       |       |       |       |       |     1 |       |       ||     1
         Invisible         |       |       |       |       |       |       |       |       |     4 ||     4
 Armour: Robe              |     6 |     7 |       |       |       |       |       |       |       ||    13
         Ring mail         |       |       |    17 |    86 |   230 |   314 |       |       |       ||   647
         Fire dragon scale |       |       |       |       |       |    35 |       |    60 |   553 ||   648
         Scale mail        |       |       |       |       |       |     3 |   118 |    26 |       ||   147
         Skin              |       |       |       |       |       |       |       |       |   110 ||   110
  Dodge: Dodged            |    16 |    52 |    90 |   226 |   553 |   563 |   131 |    94 |   612 ||  2337
         Repelled          |       |       |       |       |     4 |       |     6 |     4 |       ||    14
  Block: Kite shield       |       |       |    36 |   198 |   501 |   625 |   728 |   453 |  3088 ||  5629
         Reflection        |       |       |       |       |       |    39 |       |       |       ||    39
Riposte: Broad axe         |       |       |       |       |   105 |   218 |   210 |    94 |   872 ||  1499
         Dagger            |       |       |       |       |    14 |    62 |    34 |    49 |    62 ||   221
         Staff             |       |       |       |       |     2 |     6 |       |     6 |     9 ||    23
